 Dungeon Crawl Stone Soup version 0.29-a0-111-gbaf749a769 (webtiles) character file.

Game seed: 8568951771624869399

44 anonymous009 the Cudgeller (level 3, -2/33 HPs)
             Began as a Minotaur Berserker on Feb 17, 2022.
             Was a Follower of Trog.
             Slain by a gnoll (10 damage)
             ... on level 2 of the Dungeon.
             The game lasted 00:01:41 (1291 turns).

anonymous009 the Cudgeller (Minotaur Berserker)     Turns: 1291, Time: 00:01:42

Health: -2/33      AC:  2    Str: 23    XL:     3   Next: 41%
Magic:  2/2        EV: 12    Int:  4    God:    Trog [*.....]
Gold:   56         SH:  0    Dex:  9    Spells: 2/2 levels left

rFire   . . .      SeeInvis .   d - +1 mace (vorpal)
rCold   . . .      Faith    .   (no shield)
rNeg    . . .      Spirit   .   b - +0 animal skin
rPois   .          Reflect  .   (helmet restricted)
rElec   .          Harm     .   (no cloak)
rCorr   .          Rampage  .   (no gloves)
Will    .....                   (no boots)
Stlth   +.........              (no amulet)
HPRegen 0.11/turn               (no ring)
MPRegen 0.08/turn               (no ring)

@: no status effects
A: horns 2, retaliatory headbutt
a: Renounce Religion, Berserk


You were on level 2 of the Dungeon.
You worshipped Trog.
Trog was aware of your devotion.
You visited 1 branch of the dungeon, and saw 2 of its levels.

You collected 56 gold pieces.

Inventory:

Hand Weapons
 a - a +0 mace
 d - a +1 vorpal mace (weapon)
Armour
 b - a +0 animal skin (worn)
Scrolls
 e - a scroll of teleportation {unknown}
 f - 2 scrolls of immolation {unknown}
 g - 3 scrolls of identify {unknown}
Potions
 c - 2 potions of cancellation {unknown}
 h - 2 potions of haste {unknown}


   Skills:
 + Level 4.3 Fighting
 + Level 4.5 Maces & Flails
 + Level 2.8 Armour
 + Level 2.4 Dodging
 + Level 0.1 Stealth


You had 2 spell levels left.
You didn't know any spells.
Your spell library was empty.

Dungeon Overview and Level Annotations

Branches:
Dungeon (2/15)

Altars:


Innate Abilities, Weirdness & Mutations

You have a pair of horns on your head.
You reflexively headbutt those who attack you in melee.


Message History

You hit the quokka.
You kill the quokka!
Trog accepts your kill.
No target in view!
No target in view!
No target in view!
Things that are here:
a +0 flail; an orc corpse You see here a book of Displacement.
An adder comes into view.
A gnoll comes into view. It is wielding a +0 flail.
The gnoll shouts!
You hear a shout!
A gnoll comes into view. It is wielding a +0 halberd.
Found a stone staircase leading down.
The gnoll shouts!
The adder bites you.
You are poisoned.
The adder poisons you!
You closely miss the adder.
You feel sick. The adder bites you.
A gnoll comes into view. It is wielding a +0 hand axe.
A gnoll comes into view. It is wielding a +0 spear.
You hit the adder but do no damage. You headbutt the adder!
The adder is severely wounded.
You feel sick. The adder bites you. x2
You hit the adder.
You kill the adder!
Trog accepts your kill.
You feel sick.
You feel sick. The gnoll barely misses you.
You hit the gnoll.
The gnoll is heavily wounded.
You feel sick. The gnoll hits you with a +0 flail!
* * * LOW HITPOINT WARNING * * *
The gnoll closely misses you.
You feel sick.
You are no longer poisoned.
A ball python comes into view.
The gnoll closely misses you. You furiously retaliate!
You headbutt the gnoll.
The gnoll hits you from afar with a +0 halberd!
You die...

..#......# ####..##........
..'......# #............#
#..S...# #.###.#....).#
#....#####.....#......#
#.......##.....#.#+#..#
#....g..##.......#......<
..######.g.##.#.....#.######
..'......gg.# #.#.........##
..######:#.@#.###..†#.###.##
###....#.......#>###.##
#......####........#...
#.#.#..# #.#.#..#.##..
#.#....####......#.##..
#.....#).)...)...#.##..
###.###.####.#.#.#.##..
#.#........#.#>#.....
#............#.######


You could see 4 gnolls and a ball python (wandering).

Vanquished Creatures
  An adder (D:2)
  3 dart slugs (D:1)
  An orc (D:2)
  5 bats
  2 endoplasms
  5 goblins
  A hobgoblin (D:1)
  2 kobolds
  A quokka (D:2)
  2 ball pythons
  A frilled lizard (D:2)
  2 rats (D:1)
26 creatures vanquished.

Notes
Turn   | Place    | Note
-------+----------+-------------------------------------------
     0 | D:1      | anonymous009 the Minotaur Berserker began the quest for the
                  | Orb.
     0 | D:1      | Reached XP level 1. HP: 19/19 MP: 0/0
   322 | D:1      | Reached XP level 2. HP: 24/27 MP: 1/1
  1115 | D:2      | Reached XP level 3. HP: 32/33 MP: 2/2
  1291 | D:2      | Slain by a gnoll

Illustrated notes

Levels and vault maps discovered:
D:1:      roderic_crossed_star, layout_loops_corners, minmay_pentomino_p2
D:2:      minmay_wonky_spiral, layout_basic, kennysheep_generic_room_15

Skill      XL: |  1  2 |
---------------+-------+-----
Maces & Flails | 4 |  4.5
Fighting       | 4 |  4.3
Armour         | |  2.8
Dodging        | |  2.4
Stealth        | |  0.1

Action                   || total
-------------------------++-------
Melee: Mace              ||    43
       Headbutt          ||     7
Armor: Animal skin       ||     8
Dodge: Dodged            ||    34

Table legend: (Time is in decaauts)
 A = Elapsed time spent in this place.
 B = Non-inter-level travel time spent in this place.
 C = Inter-level travel time spent in this place.
 D = Time resting spent in this place.
 E = Time spent auto-exploring this place.
 F = Levels seen in this place.
 G = Mean time per level.
                   A        B        C        D        E       F      G
               +--------+--------+--------+--------+--------+-----+--------+
         Total |   1298 |   1277 |     21 |      0 |   1109 |   2 |  649.0 |
       Dungeon |   1298 |   1277 |     21 |      0 |   1109 |   2 |  649.0 |
               +--------+--------+--------+--------+--------+-----+--------+

Top non-repeatable levels by time:
     D:1: 1010 daAuts
     D:2: 288 daAuts
